General information
- name: BNet
- type: Ladder 1vs1/FFA
- host: Battle.net
- saver: Gastonator
map: TidewaterGlades
- players: 2
- length: 105:07
- speed: Fast
- version: 1.26 W3XP
- replay type: Public
» download(295 KB)
Players
team 1 (winner)
Gastonator (
green | 62 APM | 6467 actions | 105:07)
7 Archmage
3 Blizzard
3 Brilliance Aura
1 Mass Teleport
6 Blood Mage
3 Flame Strike
1 Siphon Mana
1 Banish
1 Summon Phoenix
» actions
| Assign group hotkey | 100 | |
| Basic commands | 284 | |
| Build / train | 163 | |
| ESC pressed | 9 | |
| Enter build submenu | 93 | |
| Enter hero's abilities submenu | 13 | |
| Give item / drop item | 7 | |
| Right click | 2992 | |
| Select / deselect | 1349 | |
| Select group hotkey | 714 | |
| Use ability | 738 | |
6467 total
» units
| Peasant | 15 | |
| Priest | 4 | |
| Sorceress | 2 | |
| Furbolg Shaman | 1 | |
| Goblin Shredder | 2 | |
| Gryphon Rider | 1 | |
| Flying Machine | 1 | |
| Dragonhawk Rider | 7 | |
| Goblin Zeppelin | 2 | |
| Siege Engine | 13 | |
48 total
» upgrades
| Magic Sentry | 1 | |
| Priest Training | 2 | |
| Masonry | 3 | |
| Sorceress Training | 2 | |
| Storm Hammers | 1 | |
| Cloud | 1 | |
| Flak Cannons | 1 | |
| Armor | 3 | |
| Swords | 2 | |
| Animal War Training | 1 | |
| Barrage | 2 | |
19 total
» buildings
| Altar of Kings | 1 | |
| Arcane Vault | 2 | |
| Farm | 13 | |
| Scout Tower | 50 | |
| Lumber Mill | 1 | |
| Arcane Tower | 7 | |
| Keep | 2 | |
| Guard Tower | 34 | |
| Arcane Sanctum | 2 | |
| Town Hall | 3 | |
| Castle | 1 | |
| Gryphon Aviary | 5 | |
| Blacksmith | 1 | |
| Workshop | 1 | |
| Barracks | 2 | |
125 total
» build order
00:07 Altar of Kings
00:27 Arcane Vault
00:32 Farm
00:33 Farm
00:54 Scout Tower
01:17 Lumber Mill
01:51 Arcane Tower
01:55 Scout Tower
02:45 Keep
02:55 Guard Tower
02:57 Scout Tower
03:00 Farm
03:27 Guard Tower
03:46 Farm
04:03 Scout Tower
04:48 Guard Tower
05:10 Arcane Sanctum
05:49 Scout Tower
05:51 Scout Tower
06:29 Guard Tower
07:25 Guard Tower
07:26 Guard Tower
07:29 Guard Tower
08:10 Town Hall
08:11 Scout Tower
08:12 Scout Tower
08:13 Scout Tower
08:17 Town Hall
08:46 Guard Tower
08:48 Scout Tower
08:48 Scout Tower
09:46 Arcane Tower
09:47 Guard Tower
10:01 Castle
10:05 Arcane Sanctum
10:08 Scout Tower
10:08 Scout Tower
10:16 Farm
10:36 Scout Tower
10:55 Scout Tower
10:55 Scout Tower
11:40 Arcane Tower
11:42 Guard Tower
12:06 Guard Tower
15:46 Scout Tower
15:47 Scout Tower
15:50 Arcane Vault
17:38 Gryphon Aviary
17:38 Gryphon Aviary
17:40 Gryphon Aviary
19:13 Arcane Tower
19:14 Guard Tower
19:22 Blacksmith
19:23 Scout Tower
19:34 Scout Tower
20:37 Guard Tower
21:09 Guard Tower
21:36 Scout Tower
21:37 Scout Tower
21:54 Guard Tower
22:00 Arcane Tower
22:03 Scout Tower
22:27 Scout Tower
22:28 Scout Tower
22:28 Guard Tower
22:29 Guard Tower
22:29 Guard Tower
22:31 Scout Tower
22:51 Workshop
22:55 Guard Tower
22:56 Guard Tower
22:57 Guard Tower
23:28 Guard Tower
23:31 Town Hall
24:56 Scout Tower
25:31 Gryphon Aviary
25:35 Gryphon Aviary
25:37 Farm
25:37 Farm
25:48 Guard Tower
25:49 Scout Tower
25:51 Scout Tower
26:38 Farm
27:01 Guard Tower
27:02 Guard Tower
27:10 Barracks
38:11 Scout Tower
38:15 Scout Tower
39:56 Guard Tower
40:12 Scout Tower
40:14 Scout Tower
40:14 Scout Tower
40:30 Scout Tower
40:32 Scout Tower
46:06 Guard Tower
46:07 Scout Tower
46:55 Guard Tower
46:57 Scout Tower
46:58 Scout Tower
47:00 Scout Tower
47:29 Guard Tower
48:27 Guard Tower
48:29 Scout Tower
50:45 Guard Tower
50:50 Scout Tower
50:51 Scout Tower
50:56 Scout Tower
53:02 Farm
53:02 Farm
53:03 Barracks
53:05 Farm
53:06 Farm
53:06 Farm
56:10 Guard Tower
56:11 Scout Tower
56:16 Scout Tower
58:02 Guard Tower
58:04 Scout Tower
58:06 Scout Tower
61:02 Guard Tower
61:51 Scout Tower
65:19 Arcane Tower
91:09 Scout Tower
94:42 Arcane Tower
» items
| Lesser Clarity Potion | 4 | |
| Scroll of Regeneration | 5 | |
| Staff of Teleportation | 3 | |
| Boots of Speed | 2 | |
| Potion of Healing | 7 | |
| Ivory Tower | 6 | |
| Potion of Invisibility | 2 | |
| Potion of Lesser Invulnerability | 3 | |
| Scroll of Town Portal | 1 | |
| Staff of Sanctuary | 1 | |
| Mechanical Critter | 2 | |
| Periapt of Vitality | 1 | |
37 total
team 2 (loser)
vespucius (
red | 56 APM | 5844 actions | 105:03)
5 Death Knight
2 Death Coil
3 Unholy Aura
5 Crypt Lord
2 Impale
3 Spiked Carapace
2 Dreadlord
1 Sleep
1 Vampiric Aura
» actions
| Assign group hotkey | 89 | |
| Basic commands | 681 | |
| Build / train | 213 | |
| ESC pressed | 5 | |
| Enter build submenu | 61 | |
| Enter hero's abilities submenu | 12 | |
| Give item / drop item | 8 | |
| Remove unit from queue | 6 | |
| Right click | 1837 | |
| Select / deselect | 907 | |
| Select group hotkey | 1726 | |
| Use ability | 296 | |
5844 total
» units
| Acolyte | 63 | |
| Ghoul | 7 | |
| Crypt Fiend | 9 | |
| Satyr Shadowdancer | 1 | |
| Furbolg Shaman | 1 | |
| Goblin Sapper | 15 | |
| Gargoyle | 29 | |
| Frost Wyrm | 4 | |
| Abomination | 1 | |
| Obsidian Statue | 3 | |
| Banshee | 1 | |
| Meatwagon | 11 | |
145 total
» upgrades
| Web | 1 | |
| Disease Cloud | 1 | |
| Freezing Breath | 1 | |
| Creature Attack | 3 | |
| Creature Carapace | 3 | |
| Unholy Armor | 3 | |
| Unholy Strength | 4 | |
16 total
» buildings
| Altar of Darkness | 1 | |
| Ziggurat | 34 | |
| Crypt | 1 | |
| Tomb of Relics | 1 | |
| Graveyard | 1 | |
| Halls of the Dead | 1 | |
| Black Citadel | 1 | |
| Temple of the Damned | 1 | |
| Sacrificial Pit | 1 | |
| Slaughterhouse | 4 | |
| Nerubian Tower | 3 | |
| Spirit Tower | 18 | |
| Necropolis | 5 | |
| Boneyard | 1 | |
73 total
» build order
00:24 Altar of Darkness
00:37 Ziggurat
00:46 Crypt
01:17 Ziggurat
01:36 Tomb of Relics
01:41 Graveyard
02:12 Ziggurat
03:45 Halls of the Dead
05:03 Ziggurat
06:38 Black Citadel
07:31 Temple of the Damned
07:35 Sacrificial Pit
09:06 Slaughterhouse
10:08 Nerubian Tower
14:08 Ziggurat
14:35 Ziggurat
14:38 Spirit Tower
15:02 Necropolis
15:12 Spirit Tower
15:48 Boneyard
16:46 Ziggurat
16:47 Ziggurat
16:51 Ziggurat
16:54 Ziggurat
17:51 Spirit Tower
18:02 Spirit Tower
18:32 Spirit Tower
19:21 Ziggurat
19:22 Ziggurat
19:25 Ziggurat
20:34 Spirit Tower
20:35 Spirit Tower
22:32 Ziggurat
22:33 Ziggurat
23:30 Necropolis
24:15 Spirit Tower
25:34 Ziggurat
25:37 Ziggurat
26:03 Ziggurat
27:01 Necropolis
27:08 Spirit Tower
28:18 Ziggurat
29:28 Ziggurat
29:29 Ziggurat
29:30 Ziggurat
29:31 Ziggurat
30:06 Necropolis
30:22 Spirit Tower
30:23 Spirit Tower
30:27 Spirit Tower
30:48 Spirit Tower
30:49 Spirit Tower
30:49 Spirit Tower
31:02 Spirit Tower
34:53 Necropolis
37:02 Slaughterhouse
37:30 Ziggurat
38:16 Ziggurat
38:19 Ziggurat
38:26 Ziggurat
38:40 Nerubian Tower
39:18 Spirit Tower
39:19 Nerubian Tower
39:36 Ziggurat
39:41 Ziggurat
40:08 Ziggurat
40:09 Ziggurat
40:10 Ziggurat
40:11 Ziggurat
40:14 Ziggurat
41:12 Spirit Tower
48:15 Slaughterhouse
48:16 Slaughterhouse
» items
| Rod of Necromancy | 2 | |
| Scroll of Healing | 1 | |
| Scroll of Town Portal | 4 | |
7 total
Chat log
(60:43 / All) Gastonator: gg...
(60:47 / All) vespucius: GG
(86:12 / All) vespucius: dude how are u getting in
(86:18 / All) Gastonator: me no english
(103:11 / All) vespucius: alright gg buddy
(103:42 / All) Gastonator: ¿què significa "buddy"?